 Dungeon Crawl Stone Soup version 0.31.0-10-gcf4a605ca0 (webtiles) character file.

Game seed: 5726772374651632541

1747 Gadfly the Ruffian (level 8, -3/57 HPs)
             Began as a White Draconian Shapeshifter on Jan 26, 2024.
             Slain by an orc
             ... wielding a +0 hand axe
              (4 damage)
             ... on level 7 of the Dungeon.
             The game lasted 00:13:17 (7004 turns).

Gadfly the Ruffian (White Draconian Shapeshifter)   Turns: 7004, Time: 00:13:18

Health: -3/57      AC:  8    Str: 16    XL:     8   Next: 78%
Magic:  8/8        EV: 18    Int: 14    God:
Gold:   368        SH:  0    Dex: 13    Spells: 7/7 levels left

rFire   . .          .
                       - Unarmed
rCold   + . .        (shield currently unavailable)
rNeg    . . .        (body armour unavailable)
rPois   .            (helmet restricted)
rElec   +            (no cloak)
rCorr   .            i - +1 pair of gloves
SInv    +            (no boots)
Will    +....        (no amulet)
Stlth   +            j - ring of willpower
HPRegen 0.29/turn    q - ring "Hiteonen" {rElec Int+3 SInv}
MPRegen 0.11/turn

%: no passive effects
@: mighty, lethally poisoned (-3 -> -15), flux-form, glowing
A: glow, contaminating, reduced hp, breathe frost, AC +6, unfitting armour, cold
resistance 1, cold-blooded
a: Breathe Frost, Begin Untransformation


You were on level 7 of the Dungeon.
You were something dangerously unstable.
You visited 1 branch of the dungeon, and saw 7 of its levels.

You collected 368 gold pieces.

Inventory:

Hand Weapons
 b - a +1 short sword of venom
 f - a +2 dagger of flaming
Armour
 i - a +1 pair of gloves (worn)
Jewellery
 j - a ring of willpower (left hand)
 q - the ring "Hiteonen" (right hand) {rElec Int+3 SInv}
   (You took it off a crimson imp on level 5 of the Dungeon)

   [ring of see invisible]

   Int+3:     It affects your intelligence (+3).
   rElec:     It insulates you from electricity.
   SInv:      It lets you see invisible.
Talismans
 c - a flux talisman (active)
 e - a beast talisman
 o - a talisman of death
Wands
 l - a wand of flame (19)
 t - a wand of mindburst (20)
 x - a wand of light (8)
Scrolls
 m - a scroll of fear
 n - a scroll of poison
 p - a scroll of revelation
 u - a scroll of teleportation
 v - a scroll of enchant weapon {unknown}
 y - a scroll of immolation
Potions
 a - 2 potions of lignification
 d - a potion of heal wounds
 g - a potion of might
 h - 3 potions of curing
 k - a potion of resistance
 r - a potion of cancellation
 s - a potion of attraction
 w - a potion of degeneration {unknown}


   Skills:
 + Level 4.2 Fighting
 * Level 5.1 Dodging
 * Level 6.1 Unarmed Combat
 * Level 5.1 Evocations
 * Level 5.6 Shapeshifting


You had 7 spell levels left.
You didn't know any spells.
Your spell library contained the following spells:

 Spells                   Type           Power      Damage    Failure   Level
 Apportation              Tloc           0%         N/A       28%         1
 Necrotise                Necr           0%         1d4       28%         1
 Sting                    Conj/Alch      0%         1d3       28%         1
 Summon Small Mammal      Summ           0%         N/A       28%         1
 Ensorcelled Hibernation  Hex/Ice        0%         N/A       41%         2
 Fugue of the Fallen      Necr           0%         N/A       65%         3
 Anguish                  Hex/Necr       0%         N/A       96%         4


Dungeon Overview and Level Annotations

Branches:
Dungeon (7/15)             Temple (0/1) D:7

Altars:
Ashenzari
Cheibriados
Fedhas
Gozag
Kikubaaqudgha
Makhleb
Wu Jian
Xom

Shops:
D:3 *   D:4 [

Annotations:
D:6 Sigmund


Innate Abilities, Weirdness & Mutations

You are something dangerously unstable.
You glow with magical radiation, making you easy to see and hit.
Foes you strike become dangerously contaminated with magical radiation.
Your maximum health is decreased, since you lack skill for your form.
You are incapable of wielding weapons or throwing items.
You can breathe waves of freezing cold which knock back foes.
Your icy white scales are hard. (AC +6)
You cannot fit into any form of body armour.
Your flesh is cold resistant. (rC+)
You are cold-blooded and may be slowed by cold attacks.


Message History

You hit the gnoll sergeant but do no damage.
The gnoll sergeant glows dangerously bright.
An orc comes into view. It is wielding a +0 dagger.
A gnoll comes into view. It is wielding a +0 halberd.
The gnoll shouts!
The orc shouts!
You hit the gnoll sergeant but do no damage.
The gnoll sergeant shudders as magic cascades through it.
The gnoll sergeant twists and deforms.
The gnoll sergeant is lightly wounded.
The gnoll sergeant barely misses you.
You hit the gnoll sergeant.
The gnoll sergeant begins to glow.
The gnoll sergeant is moderately wounded.
The gnoll sergeant closely misses you.
An orc comes into view. It is wielding a +0 hand axe.
The orc misses you.
You closely miss the orc.
Your tail-slap misses the orc.
The orc misses you.
The gnoll sergeant hits you from afar with a +2 spear of venom.
You are poisoned.
You hit the orc.
The orc begins to glow.
The orc is moderately wounded.
You feel sick. The orc hits you but does no damage. The phantom hits you.
* * * LOW HITPOINT WARNING * * *
The phantom blinks!
You blink.
The gnoll sergeant hits you but does no damage.
You are more poisoned.
You hit the gnoll sergeant.
The gnoll sergeant glows dangerously bright.
The gnoll sergeant is heavily wounded.
You feel sick. The phantom hits you.
* * * LOW HITPOINT WARNING * * *
A gnoll comes into view. It is wielding a +0 spear.
The gnoll sergeant hits you with a +2 spear of venom.
* * * LOW HITPOINT WARNING * * *
You are more poisoned.
You feel very mighty all of a sudden.
* * * LOW HITPOINT WARNING * * *
You feel very sick.
The gnoll shouts!
You hear a shout!
The orc hits you with a +0 hand axe.
You die...

# .###.. ## o ...... ...#
## .# .# #.......#.### ..
g# #. #......##.... .. .#
#o ###.......###.. #g .#.
............... #.#K#
.#.............
#goo###...............
#...#.#gpo# #............
#. #$#.#W###..###..#....
...###...##..###..##....
................#........
#......#............(....
..............#..#.#.....
...#..##..#...#..#.#.....
## #......#........#####.
.###.......##...# #.


You could see a phantom, a gnoll sergeant (heavy contam, misshapen), an orc
priest, 2 gnolls and 2 orcs.

Vanquished Creatures
  A black bear (D:5)
  2 ice beasts
  3 ogres (D:5)
  2 kobold brigands
  A gnoll sergeant (D:6)
  A scorpion (D:6)
  4 crimson imps (D:5)
  A bombardier beetle (D:4)
  4 hounds
  A jelly (D:6)
  A gnoll bouda (D:6)
  An orc priest (D:7)
  5 iguanas
  A sleepcap (D:5)
  4 orc wizards
  5 adders
  14 gnolls
  A shadow imp (D:6)
  2 dart slugs (D:2)
  A ribbon worm (D:3)
  15 orcs
  5 endoplasms
  10 giant cockroaches (D:3)
  8 hobgoblins
  7 jackals
  5 quokkas
  8 ball pythons
  11 bats
  2 frilled lizards
  5 goblins
  30 kobolds
  6 rats
167 creatures vanquished.

Notes
Turn   | Place    | Note
-------+----------+-------------------------------------------
     0 | D:1      | Gadfly the Draconian Shapeshifter began the quest for the
                  | Orb.
     0 | D:1      | Reached XP level 1. HP: 16/16 MP: 1/1
   188 | D:1      | Reached XP level 2. HP: 23/23 MP: 2/2
   503 | D:1      | Reached skill level 1 in Evocations
  1022 | D:2      | Reached XP level 3. HP: 26/28 MP: 3/3
  1636 | D:3      | Found Gozag's Platinum Reserve.
  1751 | D:3      | Found an opulent altar of Gozag.
  1874 | D:3      | Reached XP level 4. HP: 25/36 MP: 4/4
  1960 | D:3      | Found a faded altar of an unknown god.
  2105 | D:3      | Found a snail-covered altar of Cheibriados.
  2655 | D:4      | Reached XP level 5. HP: 30/41 MP: 5/5
  2733 | D:4      | Found Heatat's Armour Emporium.
  3079 | D:4      | Found an ornate altar of the Wu Jian Council.
  3204 | D:4      | Reached skill level 4 in Unarmed Combat
  3684 | D:5      | Entered Level 5 of the Dungeon
  3698 | D:5      | Noticed an ogre
  3714 | D:5      | Killed an ogre
  3715 | D:5      | Reached XP level 6. HP: 7/50 MP: 6/6
  4011 | D:5      | Found a blossoming altar of Fedhas.
  4014 | D:5      | Found a broken altar of Ashenzari.
  4019 | D:5      | Found an ancient bone altar of Kikubaaqudgha.
  4092 | D:5      | Your scales start taking on an icy white colour.
  4092 | D:5      | Reached XP level 7. HP: 15/56 MP: 7/7
  4092 | D:5      | Gained mutation: Your flesh is cold resistant. (rC+) [White
                  | Draconian growth]
  4203 | D:5      | Found a shimmering altar of Xom.
  4596 | D:5      | Reached skill level 5 in Unarmed Combat
  4639 | D:5      | Found a burning altar of Makhleb.
  4761 | D:5      | Identified the ring "Hiteonen" {rElec Int+3 SInv}
  5611 | D:6      | Reached skill level 5 in Shapeshifting
  5611 | D:6      | Reached XP level 8. HP: 57/63 MP: 8/8
  5697 | D:6      | Noticed Sigmund
  6828 | D:7      | Reached skill level 5 in Dodging
  6872 | D:7      | Reached skill level 6 in Unarmed Combat
  6872 | D:7      | Reached skill level 5 in Evocations
  6950 | D:7      | Found a staircase to the Ecumenical Temple.
  7004 | D:7      | HP: 1/57 [poisoned by a gnoll sergeant]
  7004 | D:7      | Slain by an orc

Illustrated notes

Levels and vault maps discovered:
D:1:      roderic_chinese_lattice_arrival, layout_basic, hex_large
D:2:      layout_loops_ring
D:3:      minmay_roachtagon, layout_basic, slow_altar_1,
          nicolae_gozag_zags_fifth_avenue, dreamdust_ecumenical_altar_statues,
          eino_curves_02, minmay_vboxes
D:4:      layout_basic, pdpol_wu_jian_five_deadly_venoms, serial_shops, shop,
          hangedman_decor_riveting
D:5:      kennysheep_kobold_camp, layout_cave_pools, led_xom_imps,
          grunt_temple_overflow_diamond,
          mainiacjoe_overflow_concentric_impassable
D:6:      layout_rooms, uniq_sigmund
D:7:      layout_cave_pools, nzn_overflow_gifts_of_might_and_magic,
          jmf_multi_god_temple, minmay_temple_entry_from_below_a,
          chequers_arboretum, minmay_starry_boxes

Skill      XL: |  1  2  3  4  5  6  7  8 |
---------------+-------------------------+-----
Dodging        | 2 3 4 5 |  5.1
Evocations     | 1 2 3 4 5 |  5.1
Fighting       | 2 3 4 |  4.2
Unarmed Combat | 4 5 6 |  6.1
Shapeshifting  | 4 5 |  5.6

Action                     |  1- 3 |  4- 6 |  7- 9 || total
---------------------------+-------+-------+-------++-------
  Melee: Unarmed           |    12 |   105 |   167 ||   284
         Tailslap          |    14 |    17 |    52 ||    83
         Dagger            |   106 |    43 |    95 ||   244
         Punch             |     1 |     3 |     8 ||    12
         Short sword       |       |       |    41 ||    41
Ability: Begin Untransform |     1 |       |       ||     1
         Breathe Frost     |       |       |     1 ||     1
    Use: Scroll            |     6 |     5 |     7 ||    18
         Potion            |       |       |     3 ||     3
   Stab: Sleeping          |     3 |     4 |       ||     7
 Armour: Skin              |    57 |    75 |   155 ||   287
  Dodge: Dodged            |    72 |   106 |   235 ||   413
   Form: Beast             |     1 |       |     1 ||     2
         Flux              |       |     1 |     1 ||     2
         Death             |       |       |     1 ||     1
